AoeStats
← NEVER FORGETTI

Black Forest

504536959Analyzed
1v1 RM · 26d ago on Sep 5, 2026· 47m 59s· 2 players
Game mode
Random Map
Map size
Tiny (2 player)
Population
200
Speed
Normal
Resources
Standard
Victory
Conquest
Starting age
Dark Age
Ending age
Imperial Age
RankedLock teamsTeams togetherTeam positionsShared explorationLock speedFull tech treeHidden civsTurbo modeCheats
Victory
Defeat
🇫🇮 Vietnamese · Finland
1114
+16
🇳🇴 Sicilians · Norway
1104
-16
NEVER FORGETTI
0:48 Loom
12:08 Feudal Age
16:18 Castle Age
14:24 Horse Collar
14:34 Double-Bit Axe
14:59 Horse Collar
17:32 Bow Saw
20:44 Town Watch
32:12 Imperial Age
30:46 Town Patrol
30:50 Scale Mail Armor
30:40 Fletching
31:19 Heavy Plow
32:07 Forging
34:20 Wheelbarrow
35:03 Squires
34:49 Arson
36:51 Pikeman
37:00 Pikeman
39:10 Chain Mail Armor
39:30 Iron Casting
38:38 Halberdier
40:54 Gold Mining
40:54 Stone Mining
41:49 Conscription
41:51 First Crusade
42:16 Onager
45:06 Plate Mail Armor
45:37 Blast Furnace
45:01 Elite Serjeant
cro55b0w
0:38 Loom
12:10 Feudal Age
16:43 Castle Age
14:48 Double-Bit Axe
14:59 Horse Collar
16:31 Stone Mining
23:47 Wheelbarrow
25:54 Bloodlines
26:45 Husbandry
26:44 Town Watch
28:10 Fortified Wall
28:49 Gold Mining
29:47 Hand Cart
32:10 Imperial Age
31:22 Scale Barding Armor
30:42 Elite Skirmisher
31:28 Heavy Plow
31:21 Fletching
32:10 Stone Shaft Mining
34:14 Chemistry
33:51 Crop Rotation
35:16 Chain Barding Armor
37:02 Chatras
38:12 Paper Money
38:54 Elite Battle Elephant
40:39 Plate Barding Armor
40:04 Light Cavalry
41:16 Thumb Ring
41:00 Imperial Skirmisher
43:24 Bodkin Arrow
46:00 Ballistics
46:00 Elite Rattan Archer
48:32 Bracer
Connection lost

Rejoining the realm…

Still unreachable

The connection could not be restored.

Session expired

The server has moved on; the page needs a fresh start.